Hurricanes vs Blues

Created - March 1 2011 at 18:49

Goals
1 2 3 T
Hurricanes 0 0 2 2
Blues 0 1 0 1
Shots
1 2 3 T
Hurricanes 3 7 27 37
Blues 17 11 1 29

Period #1

No Goal

Penalties :
Jamie Benn (CAR) for Hooking (Minor) at 1:44, Milan Jurcina (STL) for Hooking (Minor) at 6:04, Erik Cole (CAR) for Roughing (Minor) at 6:59, Steve Ott (STL) for Holding (Minor) at 15:28, Brent Sopel (CAR) for Tripping (Minor) at 19:30

Period #2

1. Blues , Brad Lukowich 2 (Todd Bertuzzi, Daymond Langkow) at 14:50

Penalties :
Jamie Benn (CAR) for Roughing (Minor) at 6:09

Period #3

2. Hurricanes , Michael Ryder 5 (Erik Cole, Mathieu Roy) at 12:40 (PP)
3. Hurricanes , Brent Sopel 6 (Jere Lehtinen, Johnny Oduya) at 16:40 (PP)

Penalties :
Steve Ott (STL) for Holding (Minor) at 3:00, Brian Pothier (STL) for Roughing (Minor) at 6:14, Brian Pothier (STL) for High sticking (Minor) at 10:02, Jonathan Quick (STL) for Unsportsmanlike conduct (Major / Game Misconduct) at 11:54 - Jussi Jokinen served the penalty., Brian Pothier (STL) for Roughing (Minor) at 17:38

Goalie Stats

Pascal Leclaire (CAR), 28 saves from 29 shots - (0.966), W, 24-29-9, 60:00 minutes
Jonathan Quick (STL), 22 saves from 22 shots - (1.000), 51:54 minutes
Michael Leighton (STL), 13 saves from 15 shots - (0.867), L, 3-4-1, 8:01 minutes

Players Stats

Hurricanes
Player Name              G  A  P  +/- PIM S  H  SB FO    MP 
------------------------------------------------------------
Andy Greene              0  0  0  -1  0   4  0  1  0/0   24 
Brandon Yip              0  0  0   0  0   3  0  0  0/1   17 
Brent Sopel              1  0  1   0  2   2  0  3  0/0   18 
Derick Brassard          0  0  0   0  0   0  0  0  0/0   0  
Eric Belanger            0  0  0   0  0   1  1  0  4/13  16 
Eric Staal               0  0  0  -1  0   4  0  1  15/32 24 
Erik Cole                0  1  1   0  2   3  4  0  2/4   17 
Jamie Benn               0  0  0  -1  4   0  1  1  1/1   21 
Jarome Iginla            0  0  0  -1  0   5  0  0  1/1   24 
Jed Ortmeyer             0  0  0   0  0   1  1  0  2/4   7  
Jere Lehtinen            0  1  1   0  0   3  0  0  3/7   13 
Johnny Oduya             0  1  1   0  0   3  1  0  0/0   19 
Mathieu Roy              0  1  1   0  0   2  0  0  0/0   16 
Michael Ryder            1  0  1   0  0   2  2  0  2/2   10 
Mikhail Grabovski        0  0  0   0  0   1  0  0  10/31 19 
Ryan OByrne              0  0  0   0  0   0  1  1  0/0   21 
Ryan Wilson              0  0  0  -1  0   3  2  2  0/0   20 
Steven Reinprecht        0  0  0   0  0   0  0  0  3/7   6  
Blues
Player Name              G  A  P  +/- PIM S  H  SB FO    MP 
------------------------------------------------------------
Alexander Frolov         0  0  0   0  0   2  1  0  2/3   15 
Brad Lukowich            1  0  1   1  0   1  0  0  0/0   13 
Brian Pothier            0  0  0   0  6   2  0  1  0/0   20 
Chris Kunitz             0  0  0   0  0   0  2  0  2/3   10 
Dan Sexton               0  0  0   0  0   0  1  0  0/0   6  
Daymond Langkow          0  1  1   1  0   0  1  0  11/20 17 
Dennis Wideman           0  0  0   0  0   4  2  2  0/0   22 
Jamie Langenbrunner      0  0  0   0  0   2  1  1  11/17 18 
Jussi Jokinen            0  0  0   0  0   4  1  0  16/29 20 
Kristian Huselius        0  0  0   0  0   5  0  0  1/2   22 
Matthew Lombardi         0  0  0   0  0   0  0  0  12/17 11 
Mike Comrie              0  0  0   0  0   0  0  0  0/0   7  
Milan Jurcina            0  0  0   1  2   0  3  0  0/0   16 
Robyn Regehr             0  0  0   0  0   1  2  2  0/0   23 
Saku Koivu               0  0  0   0  0   2  2  0  4/10  13 
Scott Niedermayer        0  0  0   0  0   1  0  2  0/0   24 
Steve Ott                0  0  0   1  4   3  1  0  0/1   12 
Todd Bertuzzi            0  1  1   1  0   2  2  0  1/1   12 

3 Stars

1 - Jonathan Quick (STL)
2 - Pascal Leclaire (CAR)
3 - Michael Ryder (CAR)

Power Play

Hurricanes - 2 on 7 Attempt(s) - 28.57%
Blues - 0 on 4 Attempt(s) - 0.00%

Penalty Kill

Hurricanes - 4 on 4 Attempt(s) - 100.00% - Score 0 goal in Penalty Kill
Blues - 5 on 7 Attempt(s) - 71.43% - Score 0 goal in Penalty Kill

Game Notes

Jonathan Quick ejected from game at 11:54 of 3rd period
Michael Leighton enters game at 11:54 of 3rd period

Finance

Level 1 -- Attendance: 6500 (100.00%) -- Ticket Income $390,000.00
Level 2 -- Attendance: 5000 (100.00%) -- Ticket Income $150,000.00
Level 3 -- Attendance: 3500 (100.00%) -- Ticket Income $87,500.00
Level 4 -- Attendance: 2713 (89.77%) -- Ticket Income $40,695.00
Luxury Box -- Attendance: 1000 (100.00%) -- Ticket Income $120,000.00
Game was played at the Scottrade Center
Total Attendance: 18713 (98.38%)
Total Ticket Income: $813,898.40
Other Income: $203,401.50
Total Income: $1,017,300.00


Play by Play

Period #1

0:01 of 1st period - Jamie Benn wins face-off versus Matthew Lombardi in neutral zone.
0:01 of 1st period - Jamie Benn is hit by Chris Kunitz.
0:13 of 1st period - Shot by Jarome Iginla.
0:13 of 1st period - Stopped by Jonathan Quick without a rebound.
0:14 of 1st period - Alexander Frolov wins face-off versus Mikhail Grabovski in Blues zone.
0:52 of 1st period - Shot by Kristian Huselius.
0:52 of 1st period - Shot Blocked by Brent Sopel.
0:56 of 1st period - Shot by Kristian Huselius.
0:56 of 1st period - Stopped by Pascal Leclaire without a rebound.
0:57 of 1st period - Eric Staal wins face-off versus Matthew Lombardi in Hurricanes zone.
1:11 of 1st period - Icing by Andy Greene.
1:12 of 1st period - Eric Staal wins face-off versus Daymond Langkow in Hurricanes zone.
1:30 of 1st period - Icing by Ryan Wilson.
1:31 of 1st period - Matthew Lombardi wins face-off versus Eric Staal in Hurricanes zone.
1:31 of 1st period - Matthew Lombardi is hit by Ryan Wilson.
1:44 of 1st period - Minor Penalty to Jamie Benn for Hooking.
1:45 of 1st period - Kristian Huselius wins face-off versus Eric Belanger in Hurricanes zone.
1:48 of 1st period - Shot by Kristian Huselius.
1:48 of 1st period - Stopped by Pascal Leclaire without a rebound.
1:49 of 1st period - Matthew Lombardi wins face-off versus Jere Lehtinen in Hurricanes zone.
2:03 of 1st period - Shot by Matthew Lombardi.
2:03 of 1st period - Shot Blocked by Ryan OByrne.
2:05 of 1st period - Shot by Jamie Langenbrunner.
2:05 of 1st period - Shot Misses the Net.
2:11 of 1st period - Shot by Matthew Lombardi.
2:11 of 1st period - Deflect By Jamie Langenbrunner.
2:11 of 1st period - Shot Misses the Net.
2:13 of 1st period - Shot by Dennis Wideman.
2:13 of 1st period - Stopped by Pascal Leclaire without a rebound.
2:14 of 1st period - Eric Staal wins face-off versus Jussi Jokinen in Hurricanes zone.
2:24 of 1st period - Icing by Alexander Frolov.
2:25 of 1st period - Eric Staal wins face-off versus Jussi Jokinen in Blues zone.
2:26 of 1st period - Shot by Jarome Iginla.
2:26 of 1st period - Shot Misses the Net.
2:36 of 1st period - Shot by Scott Niedermayer.
2:36 of 1st period - Shot Blocked by Andy Greene.
2:38 of 1st period - Shot by Robyn Regehr.
2:38 of 1st period - Stopped by Pascal Leclaire without a rebound.
2:39 of 1st period - Chris Kunitz wins face-off versus Eric Belanger in Hurricanes zone.
2:42 of 1st period - Shot by Matthew Lombardi.
2:42 of 1st period - Shot Misses the Net.
3:03 of 1st period - Icing by Brian Pothier.
3:04 of 1st period - Matthew Lombardi wins face-off versus Eric Belanger in Blues zone.
3:19 of 1st period - Shot by Chris Kunitz.
3:19 of 1st period - Deflect By Jamie Langenbrunner.
3:19 of 1st period - Stopped by Pascal Leclaire with a rebound.
3:21 of 1st period - Shot by Dennis Wideman.
3:21 of 1st period - Shot Misses the Net.
3:47 of 1st period - Shot by Daymond Langkow.
3:47 of 1st period - Shot Blocked by Ryan Wilson.
3:49 of 1st period - Shot by Todd Bertuzzi.
3:49 of 1st period - Stopped by Pascal Leclaire with a rebound.
3:53 of 1st period - Shot by Daymond Langkow.
3:53 of 1st period - Shot Blocked by Jamie Benn.
3:55 of 1st period - Shot by Steve Ott.
3:55 of 1st period - Stopped by Pascal Leclaire without a rebound.
3:56 of 1st period - Eric Staal wins face-off versus Saku Koivu in Hurricanes zone.
4:37 of 1st period - Off-side.
4:38 of 1st period - Steven Reinprecht wins face-off versus Daymond Langkow in neutral zone.
5:01 of 1st period - Shot by Michael Ryder.
5:01 of 1st period - Stopped by Jonathan Quick without a rebound.
5:02 of 1st period - Mikhail Grabovski wins face-off versus Alexander Frolov in Blues zone.
5:34 of 1st period - Shot by Kristian Huselius.
5:34 of 1st period - Stopped by Pascal Leclaire without a rebound.
5:35 of 1st period - Eric Staal wins face-off versus Daymond Langkow in Hurricanes zone.
5:55 of 1st period - Icing by Milan Jurcina.
5:56 of 1st period - Eric Belanger wins face-off versus Steve Ott in Blues zone.
6:04 of 1st period - Minor Penalty to Milan Jurcina for Hooking.
6:05 of 1st period - Jamie Langenbrunner wins face-off versus Mikhail Grabovski in Blues zone.
6:17 of 1st period - Off-side.
6:18 of 1st period - Jarome Iginla wins face-off versus Jussi Jokinen in neutral zone.
6:24 of 1st period - Eric Staal is hit by Dennis Wideman and loses puck.
6:52 of 1st period - Icing by Jarome Iginla.
6:53 of 1st period - Jamie Langenbrunner wins face-off versus Eric Staal in Hurricanes zone.
6:54 of 1st period - Shot by Scott Niedermayer.
6:54 of 1st period - Stopped by Pascal Leclaire without a rebound.
6:55 of 1st period - Jamie Langenbrunner wins face-off versus Mikhail Grabovski in Hurricanes zone.
6:59 of 1st period - Minor Penalty to Erik Cole for Roughing.
7:00 of 1st period - Matthew Lombardi wins face-off versus Mikhail Grabovski in Hurricanes zone.
7:03 of 1st period - Shot by Kristian Huselius.
7:03 of 1st period - Stopped by Pascal Leclaire without a rebound.
7:04 of 1st period - Matthew Lombardi wins face-off versus Mikhail Grabovski in Hurricanes zone.
7:17 of 1st period - Shot by Matthew Lombardi.
7:17 of 1st period - Shot Misses the Net.
7:36 of 1st period - Icing by Mathieu Roy.
7:37 of 1st period - Jussi Jokinen wins face-off versus Mikhail Grabovski in Hurricanes zone.
7:40 of 1st period - Shot by Jussi Jokinen.
7:40 of 1st period - Stopped by Pascal Leclaire with a rebound.
8:25 of 1st period - Icing by Matthew Lombardi.
8:26 of 1st period - Matthew Lombardi wins face-off versus Eric Belanger in Blues zone.
9:00 of 1st period - Ryan Wilson is hit by Steve Ott and loses puck.
9:15 of 1st period - Shot by Todd Bertuzzi.
9:15 of 1st period - Stopped by Pascal Leclaire with a rebound.
9:17 of 1st period - Shot by Daymond Langkow.
9:17 of 1st period - Shot Misses the Net.
9:19 of 1st period - Shot by Steve Ott.
9:19 of 1st period - Stopped by Pascal Leclaire with a rebound.
9:23 of 1st period - Shot by Todd Bertuzzi.
9:23 of 1st period - Deflect By Steve Ott.
9:23 of 1st period - Stopped by Pascal Leclaire without a rebound.
9:24 of 1st period - Steven Reinprecht wins face-off versus Saku Koivu in Hurricanes zone.
9:24 of 1st period - Steven Reinprecht is hit by Saku Koivu.
10:02 of 1st period - Shot by Saku Koivu.
10:02 of 1st period - Shot Blocked by Brent Sopel.
10:23 of 1st period - Shot by Kristian Huselius.
10:23 of 1st period - Shot Misses the Net.
10:25 of 1st period - Shot by Jussi Jokinen.
10:25 of 1st period - Shot Misses the Net.
10:27 of 1st period - Shot by Brian Pothier.
10:27 of 1st period - Stopped by Pascal Leclaire without a rebound.
10:28 of 1st period - Eric Staal wins face-off versus Daymond Langkow in Hurricanes zone.
10:41 of 1st period - Shot by Todd Bertuzzi.
10:41 of 1st period - Shot Blocked by Ryan Wilson.
10:43 of 1st period - Shot by Daymond Langkow.
10:43 of 1st period - Shot Blocked by Eric Staal.
11:44 of 1st period - Icing by Brian Pothier.
11:45 of 1st period - Jussi Jokinen wins face-off versus Mikhail Grabovski in Blues zone.
12:35 of 1st period - Robyn Regehr is hit by Erik Cole and loses puck.
13:17 of 1st period - Icing by Brad Lukowich.
13:18 of 1st period - Daymond Langkow wins face-off versus Eric Staal in Blues zone.
14:40 of 1st period - Shot by Saku Koivu.
14:40 of 1st period - Shot Misses the Net.
15:10 of 1st period - Mathieu Roy is hit by Dan Sexton and loses puck.
15:28 of 1st period - Minor Penalty to Steve Ott for Holding.
15:29 of 1st period - Mikhail Grabovski wins face-off versus Jussi Jokinen in Blues zone.
15:30 of 1st period - Shot by Brandon Yip.
15:30 of 1st period - Stopped by Jonathan Quick without a rebound.
15:31 of 1st period - Mikhail Grabovski wins face-off versus Jussi Jokinen in Blues zone.
16:25 of 1st period - Icing by Eric Belanger.
16:26 of 1st period - Jere Lehtinen wins face-off versus Jussi Jokinen in Hurricanes zone.
16:49 of 1st period - Icing by Michael Ryder.
16:50 of 1st period - Jamie Langenbrunner wins face-off versus Jere Lehtinen in Hurricanes zone.
17:41 of 1st period - Shot by Michael Ryder.
17:41 of 1st period - Shot Misses the Net.
19:11 of 1st period - Icing by Mathieu Roy.
19:12 of 1st period - Jussi Jokinen wins face-off versus Eric Staal in Hurricanes zone.
19:15 of 1st period - Shot by Jussi Jokinen.
19:15 of 1st period - Stopped by Pascal Leclaire without a rebound.
19:16 of 1st period - Jussi Jokinen wins face-off versus Eric Belanger in Hurricanes zone.
19:24 of 1st period - Icing by Brent Sopel.
19:25 of 1st period - Jussi Jokinen wins face-off versus Eric Belanger in Hurricanes zone.
19:30 of 1st period - Shot by Kristian Huselius.
19:30 of 1st period - Deflect By Jussi Jokinen.
19:30 of 1st period - Stopped by Pascal Leclaire without a rebound.
19:30 of 1st period - Minor Penalty to Brent Sopel for Tripping.
19:31 of 1st period - Jussi Jokinen wins face-off versus Eric Belanger in Hurricanes zone.

Period #2

0:01 of 2nd period - Jussi Jokinen wins face-off versus Eric Staal in neutral zone.
0:11 of 2nd period - Icing by Alexander Frolov.
0:12 of 2nd period - Eric Belanger wins face-off versus Jussi Jokinen in Blues zone.
0:17 of 2nd period - Icing by Scott Niedermayer.
0:18 of 2nd period - Alexander Frolov wins face-off versus Eric Belanger in Blues zone.
1:07 of 2nd period - Eric Belanger is hit by Chris Kunitz and loses puck.
2:11 of 2nd period - Icing by Brent Sopel.
2:12 of 2nd period - Saku Koivu wins face-off versus Mikhail Grabovski in Hurricanes zone.
2:57 of 2nd period - Shot by Eric Staal.
2:57 of 2nd period - Shot Misses the Net.
2:59 of 2nd period - Shot by Andy Greene.
2:59 of 2nd period - Shot Blocked by Scott Niedermayer.
3:01 of 2nd period - Shot by Ryan Wilson.
3:01 of 2nd period - Stopped by Jonathan Quick with a rebound.
3:28 of 2nd period - Icing by Ryan Wilson.
3:29 of 2nd period - Daymond Langkow wins face-off versus Eric Staal in Hurricanes zone.
3:41 of 2nd period - Off-side.
3:42 of 2nd period - Jed Ortmeyer wins face-off versus Jussi Jokinen in neutral zone.
3:47 of 2nd period - Shot by Eric Belanger.
3:47 of 2nd period - Stopped by Jonathan Quick without a rebound.
3:48 of 2nd period - Jussi Jokinen wins face-off versus Steven Reinprecht in Blues zone.
4:05 of 2nd period - Dennis Wideman is hit by Eric Belanger and loses puck.
4:22 of 2nd period - Shot by Eric Belanger.
4:22 of 2nd period - Shot Misses the Net.
5:53 of 2nd period - Eric Staal is hit by Milan Jurcina and loses puck.
6:01 of 2nd period - Jamie Benn is hit by Milan Jurcina and loses puck.
6:09 of 2nd period - Minor Penalty to Jamie Benn for Roughing.
6:10 of 2nd period - Matthew Lombardi wins face-off versus Eric Staal in Hurricanes zone.
6:25 of 2nd period - Shot by Dennis Wideman.
6:25 of 2nd period - Stopped by Pascal Leclaire without a rebound.
6:26 of 2nd period - Eric Belanger wins face-off versus Jussi Jokinen in Hurricanes zone.
7:25 of 2nd period - Shot by Dennis Wideman.
7:25 of 2nd period - Stopped by Pascal Leclaire without a rebound.
7:26 of 2nd period - Matthew Lombardi wins face-off versus Eric Staal in Hurricanes zone.
7:37 of 2nd period - Shot by Jamie Langenbrunner.
7:37 of 2nd period - Shot Misses the Net.
7:39 of 2nd period - Shot by Brian Pothier.
7:39 of 2nd period - Stopped by Pascal Leclaire without a rebound.
7:40 of 2nd period - Erik Cole wins face-off versus Jussi Jokinen in Hurricanes zone.
7:40 of 2nd period - Erik Cole is hit by Alexander Frolov.
7:58 of 2nd period - Shot by Jussi Jokinen.
7:58 of 2nd period - Deflect By Kristian Huselius.
7:58 of 2nd period - Shot Misses the Net.
8:02 of 2nd period - Shot by Alexander Frolov.
8:02 of 2nd period - Stopped by Pascal Leclaire without a rebound.
8:03 of 2nd period - Erik Cole wins face-off versus Matthew Lombardi in Hurricanes zone.
8:14 of 2nd period - Shot by Mikhail Grabovski.
8:14 of 2nd period - Shot Misses the Net.
8:16 of 2nd period - Shot by Brent Sopel.
8:16 of 2nd period - Shot Misses the Net.
8:18 of 2nd period - Shot by Ryan OByrne.
8:18 of 2nd period - Shot Blocked by Robyn Regehr.
8:20 of 2nd period - Shot by Brandon Yip.
8:20 of 2nd period - Stopped by Jonathan Quick with a rebound.
9:05 of 2nd period - Icing by Brad Lukowich.
9:06 of 2nd period - Steven Reinprecht wins face-off versus Daymond Langkow in Blues zone.
9:35 of 2nd period - Shot by Steven Reinprecht.
9:35 of 2nd period - Shot Misses the Net.
9:37 of 2nd period - Shot by Johnny Oduya.
9:37 of 2nd period - Shot Misses the Net.
9:41 of 2nd period - Shot by Mathieu Roy.
9:41 of 2nd period - Stopped by Jonathan Quick without a rebound.
9:42 of 2nd period - Eric Staal wins face-off versus Kristian Huselius in Blues zone.
9:49 of 2nd period - Jarome Iginla is hit by Dennis Wideman and loses puck.
10:01 of 2nd period - Shot by Dennis Wideman.
10:01 of 2nd period - Stopped by Pascal Leclaire without a rebound.
10:02 of 2nd period - Mikhail Grabovski wins face-off versus Chris Kunitz in Hurricanes zone.
10:08 of 2nd period - Mikhail Grabovski is hit by Robyn Regehr and loses puck.
10:14 of 2nd period - Off-side.
10:15 of 2nd period - Jussi Jokinen wins face-off versus Jed Ortmeyer in neutral zone.
10:34 of 2nd period - Off-side.
10:35 of 2nd period - Chris Kunitz wins face-off versus Brandon Yip in neutral zone.
10:43 of 2nd period - Off-side.
10:44 of 2nd period - Eric Staal wins face-off versus Daymond Langkow in neutral zone.
10:44 of 2nd period - Jarome Iginla is hit by Todd Bertuzzi and loses puck.
11:42 of 2nd period - Shot by Jussi Jokinen.
11:42 of 2nd period - Shot Misses the Net.
11:46 of 2nd period - Shot by Kristian Huselius.
11:46 of 2nd period - Deflect By Jussi Jokinen.
11:46 of 2nd period - Shot Misses the Net.
11:50 of 2nd period - Shot by Kristian Huselius.
11:50 of 2nd period - Stopped by Pascal Leclaire without a rebound.
11:51 of 2nd period - Mikhail Grabovski wins face-off versus Matthew Lombardi in Hurricanes zone.
12:04 of 2nd period - Shot by Jamie Langenbrunner.
12:04 of 2nd period - Stopped by Pascal Leclaire without a rebound.
12:05 of 2nd period - Eric Belanger wins face-off versus Saku Koivu in Hurricanes zone.
12:30 of 2nd period - Shot by Saku Koivu.
12:30 of 2nd period - Stopped by Pascal Leclaire without a rebound.
12:31 of 2nd period - Jussi Jokinen wins face-off versus Mikhail Grabovski in Hurricanes zone.
13:06 of 2nd period - Shot by Kristian Huselius.
13:06 of 2nd period - Shot Misses the Net.
13:12 of 2nd period - Shot by Jussi Jokinen.
13:12 of 2nd period - Stopped by Pascal Leclaire without a rebound.
13:13 of 2nd period - Daymond Langkow wins face-off versus Steven Reinprecht in Hurricanes zone.
13:37 of 2nd period - Icing by Johnny Oduya.
13:38 of 2nd period - Matthew Lombardi wins face-off versus Steven Reinprecht in Hurricanes zone.
14:15 of 2nd period - Shot by Matthew Lombardi.
14:15 of 2nd period - Deflect By Jamie Langenbrunner.
14:15 of 2nd period - Shot Misses the Net.
14:36 of 2nd period - Icing by Milan Jurcina.
14:37 of 2nd period - Daymond Langkow wins face-off versus Eric Staal in Blues zone.
14:46 of 2nd period - Shot by Daymond Langkow.
14:46 of 2nd period - Shot Misses the Net.
14:48 of 2nd period - Shot by Daymond Langkow.
14:48 of 2nd period - Deflect By Todd Bertuzzi.
14:48 of 2nd period - Shot Misses the Net.
14:50 of 2nd period - Shot by Brad Lukowich.
14:50 of 2nd period - Goal by Brad Lukowich - Hurricanes : 0 - Blues : 1.
14:51 of 2nd period - Jussi Jokinen wins face-off versus Mikhail Grabovski in neutral zone.
15:05 of 2nd period - Kristian Huselius is hit by Ryan OByrne and loses puck.
15:18 of 2nd period - Shot by Jussi Jokinen.
15:18 of 2nd period - Shot Hit the Post.
15:22 of 2nd period - Shot by Jussi Jokinen.
15:22 of 2nd period - Shot Blocked by Brent Sopel.
15:26 of 2nd period - Shot by Alexander Frolov.
15:26 of 2nd period - Stopped by Pascal Leclaire without a rebound.
15:27 of 2nd period - Eric Staal wins face-off versus Daymond Langkow in Hurricanes zone.
15:47 of 2nd period - Milan Jurcina is hit by Ryan Wilson.
16:06 of 2nd period - Icing by Milan Jurcina.
16:07 of 2nd period - Daymond Langkow wins face-off versus Jed Ortmeyer in Blues zone.
16:26 of 2nd period - Shot by Jere Lehtinen.
16:26 of 2nd period - Shot Misses the Net.
16:28 of 2nd period - Shot by Jere Lehtinen.
16:28 of 2nd period - Deflect By Jed Ortmeyer.
16:28 of 2nd period - Stopped by Jonathan Quick without a rebound.
16:29 of 2nd period - Jussi Jokinen wins face-off versus Mikhail Grabovski in Blues zone.
16:29 of 2nd period - Jussi Jokinen is hit by Erik Cole.
16:42 of 2nd period - Off-side.
16:43 of 2nd period - Eric Staal wins face-off versus Saku Koivu in neutral zone.
16:46 of 2nd period - Shot by Jarome Iginla.
16:46 of 2nd period - Stopped by Jonathan Quick without a rebound.
16:47 of 2nd period - Matthew Lombardi wins face-off versus Eric Staal in Blues zone.
17:53 of 2nd period - Brian Pothier is hit by Jed Ortmeyer and loses puck.
18:30 of 2nd period - Shot by Brandon Yip.
18:30 of 2nd period - Deflect By Mikhail Grabovski.
18:30 of 2nd period - Shot Blocked by Brian Pothier.
18:32 of 2nd period - Shot by Mikhail Grabovski.
18:32 of 2nd period - Shot Misses the Net.
18:36 of 2nd period - Shot by Mikhail Grabovski.
18:36 of 2nd period - Stopped by Jonathan Quick without a rebound.
18:37 of 2nd period - Todd Bertuzzi wins face-off versus Mikhail Grabovski in Blues zone.
18:46 of 2nd period - Ryan OByrne is hit by Todd Bertuzzi and loses puck.
19:15 of 2nd period - Shot by Steve Ott.
19:15 of 2nd period - Deflect By Daymond Langkow.
19:15 of 2nd period - Shot Misses the Net.

Period #3

0:01 of 3rd period - Matthew Lombardi wins face-off versus Eric Staal in neutral zone.
0:58 of 3rd period - Off-side.
0:59 of 3rd period - Jed Ortmeyer wins face-off versus Jussi Jokinen in neutral zone.
1:20 of 3rd period - Johnny Oduya is hit by Jussi Jokinen and loses puck.
1:28 of 3rd period - Icing by Eric Belanger.
1:29 of 3rd period - Daymond Langkow wins face-off versus Eric Belanger in Hurricanes zone.
1:35 of 3rd period - Todd Bertuzzi is hit by Johnny Oduya and loses puck.
1:50 of 3rd period - Shot by Erik Cole.
1:50 of 3rd period - Stopped by Jonathan Quick without a rebound.
1:51 of 3rd period - Saku Koivu wins face-off versus Mikhail Grabovski in Blues zone.
2:04 of 3rd period - Icing by Andy Greene.
2:05 of 3rd period - Jussi Jokinen wins face-off versus Mikhail Grabovski in Hurricanes zone.
3:00 of 3rd period - Minor Penalty to Steve Ott for Holding.
3:01 of 3rd period - Eric Staal wins face-off versus Jamie Langenbrunner in Blues zone.
3:06 of 3rd period - Shot by Eric Staal.
3:06 of 3rd period - Stopped by Jonathan Quick without a rebound.
3:07 of 3rd period - Jamie Langenbrunner wins face-off versus Eric Staal in Blues zone.
3:07 of 3rd period - Jamie Langenbrunner is hit by Jamie Benn.
3:39 of 3rd period - Shot by Eric Staal.
3:39 of 3rd period - Deflect By Jarome Iginla.
3:39 of 3rd period - Stopped by Jonathan Quick without a rebound.
3:40 of 3rd period - Jussi Jokinen wins face-off versus Mikhail Grabovski in Blues zone.
3:40 of 3rd period - Kristian Huselius is hit by Erik Cole and loses puck.
3:50 of 3rd period - Icing by Brandon Yip.
3:51 of 3rd period - Jussi Jokinen wins face-off versus Mikhail Grabovski in Hurricanes zone.
3:55 of 3rd period - Icing by Mathieu Roy.
3:56 of 3rd period - Mikhail Grabovski wins face-off versus Jamie Langenbrunner in Hurricanes zone.
3:56 of 3rd period - Mikhail Grabovski is hit by Saku Koivu.
4:37 of 3rd period - Shot by Jarome Iginla.
4:37 of 3rd period - Stopped by Jonathan Quick with a rebound.
4:39 of 3rd period - Shot by Andy Greene.
4:39 of 3rd period - Shot Misses the Net.
4:43 of 3rd period - Shot by Eric Staal.
4:43 of 3rd period - Shot Misses the Net.
4:45 of 3rd period - Shot by Ryan Wilson.
4:45 of 3rd period - Shot Blocked by Robyn Regehr.
4:49 of 3rd period - Shot by Ryan Wilson.
4:49 of 3rd period - Stopped by Jonathan Quick with a rebound.
5:15 of 3rd period - Shot by Jere Lehtinen.
5:15 of 3rd period - Stopped by Jonathan Quick with a rebound.
5:19 of 3rd period - Shot by Brent Sopel.
5:19 of 3rd period - Shot Misses the Net.
5:23 of 3rd period - Shot by Jere Lehtinen.
5:23 of 3rd period - Stopped by Jonathan Quick without a rebound.
5:24 of 3rd period - Jussi Jokinen wins face-off versus Steven Reinprecht in Blues zone.
5:58 of 3rd period - Dennis Wideman is hit by Michael Ryder and loses puck.
6:14 of 3rd period - Minor Penalty to Brian Pothier for Roughing.
6:15 of 3rd period - Jamie Langenbrunner wins face-off versus Erik Cole in Blues zone.
7:07 of 3rd period - Shot by Ryan Wilson.
7:07 of 3rd period - Shot Misses the Net.
7:09 of 3rd period - Shot by Andy Greene.
7:09 of 3rd period - Stopped by Jonathan Quick without a rebound.
7:10 of 3rd period - Saku Koivu wins face-off versus Eric Staal in Blues zone.
7:21 of 3rd period - Shot by Andy Greene.
7:21 of 3rd period - Stopped by Jonathan Quick without a rebound.
7:22 of 3rd period - Saku Koivu wins face-off versus Eric Staal in Blues zone.
7:47 of 3rd period - Shot by Kristian Huselius.
7:47 of 3rd period - Shot Misses the Net.
7:57 of 3rd period - Ryan Wilson is hit by Jamie Langenbrunner and loses puck.
8:04 of 3rd period - Shot by Saku Koivu.
8:04 of 3rd period - Stopped by Pascal Leclaire without a rebound.
8:05 of 3rd period - Jamie Langenbrunner wins face-off versus Mikhail Grabovski in Hurricanes zone.
8:11 of 3rd period - Icing by Mathieu Roy.
8:12 of 3rd period - Mikhail Grabovski wins face-off versus Jamie Langenbrunner in Hurricanes zone.
8:58 of 3rd period - Icing by Todd Bertuzzi.
8:59 of 3rd period - Daymond Langkow wins face-off versus Mikhail Grabovski in Blues zone.
8:59 of 3rd period - Daymond Langkow is hit by Erik Cole.
9:27 of 3rd period - Shot by Brandon Yip.
9:27 of 3rd period - Deflect By Erik Cole.
9:27 of 3rd period - Shot Misses the Net.
9:32 of 3rd period - Shot by Mathieu Roy.
9:32 of 3rd period - Stopped by Jonathan Quick without a rebound.
9:33 of 3rd period - Eric Staal wins face-off versus Jussi Jokinen in Blues zone.
10:00 of 3rd period - Shot by Eric Staal.
10:00 of 3rd period - Shot Hit the Post.
10:02 of 3rd period - Shot by Jarome Iginla.
10:02 of 3rd period - Stopped by Jonathan Quick without a rebound.
10:02 of 3rd period - Minor Penalty to Brian Pothier for High sticking.
10:03 of 3rd period - Jamie Langenbrunner wins face-off versus Mikhail Grabovski in Blues zone.
10:31 of 3rd period - Shot by Mikhail Grabovski.
10:31 of 3rd period - Shot Blocked by Scott Niedermayer.
11:36 of 3rd period - Icing by Erik Cole.
11:37 of 3rd period - Mikhail Grabovski wins face-off versus Jamie Langenbrunner in Hurricanes zone.
11:54 of 3rd period - Shot by Eric Staal.
11:54 of 3rd period - Stopped by Jonathan Quick without a rebound.
11:54 of 3rd period - Major / Game Misconduct Penalty to Jonathan Quick for Unsportsmanlike conduct.
11:54 of 3rd period - Jonathan Quick is ejected from game.
11:54 of 3rd period - Michael Leighton enters game.
11:55 of 3rd period - Jere Lehtinen wins face-off versus Saku Koivu in Blues zone.
12:06 of 3rd period - Shot by Jarome Iginla.
12:06 of 3rd period - Shot Blocked by Dennis Wideman.
12:08 of 3rd period - Shot by Andy Greene.
12:08 of 3rd period - Stopped by Michael Leighton without a rebound.
12:09 of 3rd period - Jamie Langenbrunner wins face-off versus Jere Lehtinen in Blues zone.
12:20 of 3rd period - Shot by Jere Lehtinen.
12:20 of 3rd period - Stopped by Michael Leighton without a rebound.
12:21 of 3rd period - Daymond Langkow wins face-off versus Erik Cole in Blues zone.
12:32 of 3rd period - Shot by Johnny Oduya.
12:32 of 3rd period - Stopped by Michael Leighton with a rebound.
12:34 of 3rd period - Shot by Mathieu Roy.
12:34 of 3rd period - Shot Misses the Net.
12:36 of 3rd period - Shot by Erik Cole.
12:36 of 3rd period - Shot Misses the Net.
12:38 of 3rd period - Shot by Michael Ryder.
12:38 of 3rd period - Shot Misses the Net.
12:40 of 3rd period - Shot by Michael Ryder.
12:40 of 3rd period - Goal by Michael Ryder - Hurricanes : 1 - Blues : 1.
12:41 of 3rd period - Daymond Langkow wins face-off versus Eric Staal in neutral zone.
13:24 of 3rd period - Shot by Brandon Yip.
13:24 of 3rd period - Stopped by Michael Leighton without a rebound.
13:25 of 3rd period - Mikhail Grabovski wins face-off versus Saku Koivu in Blues zone.
13:28 of 3rd period - Shot by Erik Cole.
13:28 of 3rd period - Stopped by Michael Leighton without a rebound.
13:29 of 3rd period - Jamie Langenbrunner wins face-off versus Mikhail Grabovski in Blues zone.
14:08 of 3rd period - Andy Greene is hit by Daymond Langkow and loses puck.
14:17 of 3rd period - Shot by Ryan Wilson.
14:17 of 3rd period - Stopped by Michael Leighton without a rebound.
14:18 of 3rd period - Eric Staal wins face-off versus Jamie Langenbrunner in Blues zone.
14:21 of 3rd period - Shot by Eric Staal.
14:21 of 3rd period - Stopped by Michael Leighton with a rebound.
14:23 of 3rd period - Shot by Brent Sopel.
14:23 of 3rd period - Shot Misses the Net.
14:28 of 3rd period - Michael Ryder is hit by Robyn Regehr.
14:32 of 3rd period - Shot by Jere Lehtinen.
14:32 of 3rd period - Shot Misses the Net.
14:40 of 3rd period - Shot by Brent Sopel.
14:40 of 3rd period - Stopped by Michael Leighton with a rebound.
14:42 of 3rd period - Shot by Eric Staal.
14:42 of 3rd period - Stopped by Michael Leighton without a rebound.
14:43 of 3rd period - Michael Ryder wins face-off versus Daymond Langkow in Blues zone.
15:08 of 3rd period - Shot by Andy Greene.
15:08 of 3rd period - Shot Blocked by Jamie Langenbrunner.
15:12 of 3rd period - Shot by Jarome Iginla.
15:12 of 3rd period - Shot Misses the Net.
15:52 of 3rd period - Mathieu Roy is hit by Milan Jurcina and loses puck.
16:03 of 3rd period - Shot by Johnny Oduya.
16:03 of 3rd period - Stopped by Michael Leighton without a rebound.
16:04 of 3rd period - Daymond Langkow wins face-off versus Eric Staal in Blues zone.
16:10 of 3rd period - Icing by Jarome Iginla.
16:11 of 3rd period - Eric Staal wins face-off versus Jamie Langenbrunner in Hurricanes zone.
16:30 of 3rd period - Shot by Andy Greene.
16:30 of 3rd period - Stopped by Michael Leighton without a rebound.
16:31 of 3rd period - Jere Lehtinen wins face-off versus Daymond Langkow in Blues zone.
16:32 of 3rd period - Shot by Johnny Oduya.
16:32 of 3rd period - Shot Misses the Net.
16:34 of 3rd period - Shot by Johnny Oduya.
16:34 of 3rd period - Shot Blocked by Dennis Wideman.
16:36 of 3rd period - Shot by Johnny Oduya.
16:36 of 3rd period - Shot Misses the Net.
16:38 of 3rd period - Shot by Jere Lehtinen.
16:38 of 3rd period - Shot Misses the Net.
16:40 of 3rd period - Shot by Brent Sopel.
16:40 of 3rd period - Goal by Brent Sopel - Hurricanes : 2 - Blues : 1.
16:41 of 3rd period - Daymond Langkow wins face-off versus Mikhail Grabovski in neutral zone.
16:51 of 3rd period - Shot by Ryan OByrne.
16:51 of 3rd period - Shot Misses the Net.
16:55 of 3rd period - Shot by Johnny Oduya.
16:55 of 3rd period - Stopped by Michael Leighton without a rebound.
16:56 of 3rd period - Matthew Lombardi wins face-off versus Jere Lehtinen in Blues zone.
16:56 of 3rd period - Matthew Lombardi is hit by Michael Ryder.
17:38 of 3rd period - Minor Penalty to Brian Pothier for Roughing.
17:39 of 3rd period - Mikhail Grabovski wins face-off versus Jussi Jokinen in Blues zone.
17:56 of 3rd period - Shot by Erik Cole.
17:56 of 3rd period - Stopped by Michael Leighton without a rebound.
17:57 of 3rd period - Jamie Langenbrunner wins face-off versus Eric Staal in Blues zone.
19:38 of 3rd period - Shot by Jarome Iginla.
19:38 of 3rd period - Shot Misses the Net.
19:41 of 3rd period - Icing by Brian Pothier.
19:42 of 3rd period - Michael Ryder wins face-off versus Matthew Lombardi in Blues zone.
19:55 of 3rd period - Blues, Michael Leighton is pulled from the net.


Output by the SimonT Hockey Simulator (STHS) for Stephane Roy -- Original Page W3C XHTML 1.0 Valid